 Dungeon Crawl Stone Soup version 0.28.0-43-g3370ac3207 (webtiles) character file.

Game seed: 14868660462972313983

48 pkoi the Chopper (level 3, 0/31 HPs)
             Began as a Minotaur Gladiator on Mar 14, 2022.
             Succumbed to an adder's poison
             ... on level 2 of the Dungeon.
             The game lasted 00:00:57 (1246 turns).

pkoi the Chopper (Minotaur Gladiator)               Turns: 1246, Time: 00:00:58

Health: 0/31       AC:  4    Str: 20    XL:     3   Next: 50%
Magic:  2/2        EV: 12    Int:  5    God:
Gold:   58         SH:  0    Dex: 11    Spells: 2/2 levels left

rFire   . . .      SeeInvis .   a - +1 war axe
rCold   . . .      Faith    .   (no shield)
rNeg    . . .      Spirit   .   b - +0 leather armour
rPois   .          Reflect  .   c - +1 hat
rElec   .          Harm     .   (no cloak)
rCorr   .          Rampage  .   (no gloves)
Will    .....                   (no boots)
Stlth   +.........              (no amulet)
HPRegen 0.10/turn               (no ring)
MPRegen 0.08/turn               (no ring)

@: lethally poisoned (0 -> -1), attractive
A: horns 2, retaliatory headbutt
a: no special abilities


You were on level 2 of the Dungeon.
You visited 1 branch of the dungeon, and saw 2 of its levels.

You collected 58 gold pieces.

Inventory:

Hand Weapons
 a - a +1 war axe (weapon)
Missiles
 d - 3 throwing nets (quivered)
Armour
 b - a +0 leather armour (worn)
 c - a +1 hat (worn)
Potions
 f - a potion of attraction


   Skills:
 + Level 3.1 Fighting
 * Level 4.7 Axes
 - Level 2.0 Throwing
 + Level 1.7 Armour
 - Level 3.2 Dodging


You had 2 spell levels left.
You didn't know any spells.
Your spell library was empty.

Dungeon Overview and Level Annotations

Branches:
Dungeon (2/15)

Altars:


Innate Abilities, Weirdness & Mutations

You have a pair of horns on your head.
You reflexively headbutt those who attack you in melee.


Message History

* * * LOW HITPOINT WARNING * * *
You are poisoned.
The adder poisons you!
A rat comes into view.
The adder bites you.
* * * LOW HITPOINT WARNING * * *
You are lethally poisoned!
The adder poisons you!
The rat moves out of view.
You hit the adder.
The adder is heavily wounded.
* * * LOW HITPOINT WARNING * * *
You feel very sick. The adder completely misses you. You furiously retaliate!
You headbutt the adder!
You kill the adder!
* * * LOW HITPOINT WARNING * * *
You feel sick.
You see here an adder corpse.
Unknown command.
Unknown command.
It was a potion of attraction.
You feel attractive to monsters.
* * * LOW HITPOINT WARNING * * *
You feel sick.
* * * LOW HITPOINT WARNING * * *
You feel sick.
* * * LOW HITPOINT WARNING * * *
You feel sick.
* * * LOW HITPOINT WARNING * * *
You feel sick.
Found a scroll labelled ASAGRI ILECU.
* * * LOW HITPOINT WARNING * * *
You feel sick.
* * * LOW HITPOINT WARNING * * *
You feel sick.
You aren't carrying any scrolls.
Okay, then.
You aren't carrying any items that you can evoke.
Unknown command.
You die...

### ###########...#
##.....#<.......
##...[...........
#.......†........
#................
#....@...........
#................ ..#
#................
.....####...............
#...†.#..............
#.###†#####...### ....
...# ....... .)...
.......## .?#.


There were no monsters in sight!

Vanquished Creatures
  2 adders (D:2)
  A worm (D:2)
  2 dart slugs (D:1)
  3 ball pythons
  2 endoplasms (D:1)
  A goblin (D:1)
  5 hobgoblins
  A quokka (D:1)
  2 bats (D:1)
  A frilled lizard (D:1)
  A kobold (D:1)
21 creatures vanquished.

Notes
Turn   | Place    | Note
-------+----------+-------------------------------------------
     0 | D:1      | pkoi the Minotaur Gladiator began the quest for the Orb.
     0 | D:1      | Reached XP level 1. HP: 18/18 MP: 0/0
   225 | D:1      | Reached skill level 4 in Axes
   295 | D:1      | Reached XP level 2. HP: 19/25 MP: 1/1
   472 | D:1      | Reached skill level 1 in Armour
  1237 | D:2      | Reached XP level 3. HP: 19/31 MP: 2/2
  1244 | D:2      | HP: 1/31 [poisoned by an adder]
  1246 | D:2      | Succumbed to an adder's poison

Illustrated notes

Levels and vault maps discovered:
D:1:      dpeg_arrival_windows_large_door, layout_basic
D:2:      layout_rooms, item_on_display_a

Skill      XL: |  1  2 |
---------------+-------+-----
Axes           | 4 |  4.7
Armour         | 1 |  1.7
Fighting       | 3 |  3.1
Throwing       | |  2.0
Dodging        | |  3.2

Action                   || total
-------------------------++-------
Melee: War axe           ||    37
       Headbutt          ||     4
  Use: Scroll            ||     2
       Potion            ||     2
Armor: Leather armour    ||     7
Dodge: Dodged            ||    25
